 Dungeon Crawl Stone Soup version 0.28-a0-863-g8cecda6153 (webtiles) character file.

Game seed: 2254621631617588009

0 meatgazer the Skirmisher (level 1, 0/18 HPs)
             Began as a Demonspawn Abyssal Knight on Nov 17, 2021.
             Was a Follower of Lugonu.
             Succumbed to an orange demon's poison
             ... on level 2 of the Abyss.
             The game lasted 00:01:02 (259 turns).

meatgazer the Skirmisher (Demonspawn Abyssal Knight) Turns: 259, Time: 00:01:03

Health: 0/18       AC:  3    Str: 13    XL:     1   Next: 0%
Magic:  2/2        EV: 11    Int: 11    God:    Lugonu [*.....]
Gold:   30         SH:  0    Dex: 13    Spells: 0/0 levels left

rFire   . . .      SeeInvis .   a - +1 spear
rCold   . . .      Faith    .   (no shield)
rNeg    . . .      Spirit   .   b - +0 leather armour
rPois   .          Reflect  .   (no helmet)
rElec   .          Harm     .   (no cloak)
rCorr   .          Rampage  .   (no gloves)
Will    .....                   (no boots)
Stlth   +.........              (no amulet)
HPRegen 0.06/turn               (no ring)
MPRegen 0.08/turn               (no ring)

@: lethally poisoned (0 -> -26)
A: no striking features
a: Renounce Religion, Depart the Abyss


You were on level 2 of the Abyss.
You worshipped Lugonu.
Lugonu was aware of your devotion.
You visited 0 branches of the dungeon, and saw 0 of its levels.
You visited the Abyss 1 time.

You collected 30 gold pieces.

Inventory:

Hand Weapons
 a - a +1 spear (weapon)
Armour
 b - a +0 leather armour (worn)
Potions
 c - a potion of curing


   Skills:
 + Level 3.0 Fighting
 + Level 1.7 Polearms
 + Level 1.7 Armour
 + Level 0.8 Dodging
 + Level 2.4 Invocations


You couldn't memorise any spells.
You didn't know any spells.
Your spell library was empty.

Dungeon Overview and Level Annotations

Branches:
Dungeon (0/15)

Altars:


Message History

You bump into the rock wall.
You bump into the metal wall.
You're too confused to move!
You bump into the rock wall.
You bump into the rock wall.
You bump into the crystal wall.
You bump into the rock wall.
You bump into the rock wall.
You bump into the rock wall.
The golden eye blinks at you.
You are more confused.
The golden eye blinks!
You bump into the rock wall.
The golden eye blinks!
You bump into the rock wall.
You bump into the metal wall.
You bump into the metal wall.
You bump into the metal wall.
You bump into the metal wall.
You bump into the metal wall.
You bump into the crystal wall.
You're too confused to move!
You bump into the crystal wall.
You bump into the metal wall.
You bump into the metal wall.
You start waiting.
You feel less confused.
An orange demon comes into view.
You start waiting.
An orange demon is nearby!
The orange demon misses you. The orange demon closely misses you.
The orange demon barely misses you.
You hit the orange demon.
The orange demon is lightly wounded.
The orange demon stings you!
Ouch! That really hurt!
You are lethally poisoned!
The orange demon poisons you! The orange demon barely misses you.
Unknown command.
You hit the orange demon.
The orange demon is lightly wounded.
You die...

#.### . #
#..##.## ..
#
.#..##.###
.
##......#.
. #. .#..#.
.. ..
#...###.##
. #
.##.#..##.#
.
#.#..#.#..
.. ##...@#
## ###.4##
# ......# .
...##...#
#..#. #.#..
#. . #.#...
. .
.##.##.. #.
. ... #


You could see an orange demon.

Vanquished Creatures (others)
  5 bushes (Abyss:2)
  15 demonic plants (Abyss:2)
20 creatures vanquished.

Notes
Turn   | Place    | Note
-------+----------+-------------------------------------------
     0 | Abyss:1  | meatgazer the Demonspawn Abyssal Knight began the quest for
                  | the Orb.
     0 | Abyss:1  | Reached XP level 1. HP: 18/18 MP: 2/2
    51 | Abyss:2  | Noticed a thrashing horror
    52 | Abyss:2  | Noticed a small abomination
    74 | Abyss:2  | Noticed a golden eye
    74 | Abyss:2  | Noticed a golden eye
    78 | Abyss:2  | Noticed a golden eye
   253 | Abyss:2  | Noticed an orange demon
   259 | Abyss:2  | Succumbed to an orange demon's poison

Illustrated notes

Levels and vault maps discovered:
Abyss:2:  base: Temple, evilmike_abyss_exit_plants, patterned_corridor

Action                   || total
-------------------------++-------
Melee: Spear             ||    25
  Use: Scroll            ||     1
       Potion            ||     1
Dodge: Dodged            ||     4

Table legend: (Time is in decaauts)
 A = Elapsed time spent in this place.
 B = Non-inter-level travel time spent in this place.
 C = Inter-level travel time spent in this place.
 D = Time resting spent in this place.
 E = Time spent auto-exploring this place.
 F = Levels seen in this place.
 G = Mean time per level.
                   A        B        C        D        E       F      G
               +--------+--------+--------+--------+--------+-----+--------+
         Total |    261 |    261 |      0 |      9 |     44 |   2 |  130.5 |
         Abyss |    261 |    261 |      0 |      9 |     44 |   2 |  130.5 |
               +--------+--------+--------+--------+--------+-----+--------+

Top non-repeatable levels by time:
 Abyss:2: 259 daAuts
 Abyss:1: 2 daAuts
